 Dungeon Crawl Stone Soup version 0.26.1-11-gd32895ea62 (webtiles) character file.

Game seed: 1086929381334367394

21121 nedwor777 the Bludgeoner (level 12, -3/113 HPs)
             Began as a Minotaur Gladiator on July 10, 2021.
             Was a High Priest of the Shining One.
             Slain by a tengu warrior
             ... wielding a +0 great mace
              (7 damage)
             ... on level 15 of the Dungeon.
             The game lasted 00:38:21 (17238 turns).

nedwor777 the Bludgeoner (Minotaur Gladiator)      Turns: 17238, Time: 00:38:22

Health: -3/113     AC: 13    Str: 31    XL:     12   Next: 51%
Magic:  15/15      EV:  8    Int:  5    God:    the Shining One [*****.]
Gold:   892        SH: 13    Dex: 11    Spells: 11/11 levels left

rFire    . . .     SeeInvis .   B - +3 mace (holy)
rCold    . . .     Faith    .   i - +0 kite shield
rNeg     + + .     Spirit   .   q - +1 plate armour
rPois    .         Reflect  .   c - +2 hat
rElec    .         Harm     .   (no cloak)
rCorr    .         Rampage  .   (no gloves)
Will     .....                  (no boots)
Stlth    ..........             (no amulet)
HPRegen  0.28/turn              t - +6 ring of strength
MPRegen  0.14/turn              (no ring)

@: glowing
A: retaliatory headbutt, horns 2
a: Renounce Religion, Divine Shield, Cleansing Flame, Summon Divine Warrior


You were on level 15 of the Dungeon.
You worshipped the Shining One.
The Shining One was extremely pleased with you.
You visited 2 branches of the dungeon, and saw 15 of its levels.
You also visited: Bailey.

You collected 892 gold pieces.

Inventory:

Hand Weapons
 g - a +3 mace of freezing
 m - a +5 demon trident of venom
 B - a +3 mace of holy wrath (weapon)
Missiles
 d - 6 throwing nets (quivered)
Armour
 c - a +2 hat (worn)
 i - a +0 kite shield (worn)
 q - a +1 plate armour (worn)
Jewellery
 t - a +6 ring of strength (left hand)
 x - a cursed ring of attention {unknown}
 C - an uncursed ring of ice {unknown}
Wands
 b - a wand of iceblast (23)
 e - a wand of paralysis (14)
 l - a wand of enslavement (9)
 p - a wand of acid (8)
 r - a wand of flame (84)
 u - a wand of polymorph (10)
 E - a wand of disintegration (18)
Scrolls
 a - 4 scrolls of amnesia
 f - 4 scrolls of remove curse
 h - 2 scrolls of immolation
 j - 6 scrolls of identify
 s - 3 scrolls of teleportation
 v - 2 scrolls of magic mapping
 w - a scroll of fog
Potions
 k - 2 potions of magic
 o - a potion of cancellation
 A - 2 potions of lignification
 D - a potion of flight


   Skills:
 + Level 12.3 Fighting
 - Level 16.0 Maces & Flails
 - Level 2.0 Throwing
 - Level 3.2 Dodging
 + Level 11.9 Shields
 + Level 6.2 Invocations


You had 11 spell levels left.
You didn't know any spells.
Your spell library contained the following spells:

 Spells                   Type           Power        Failure   Level
 Beastly Appendage        Tmut           0%           100%        1
 Wereblood                Tmut           0%           100%        2
 Spider Form              Tmut/Pois      0%           100%        3
 Ice Form                 Ice/Tmut       0%           100%        4
 Blade Hands              Tmut           0%           100%        5


Dungeon Overview and Level Annotations

Branches:
Dungeon (13/15)            Temple (1/1) D:5            Lair (0/6) D:10
    Orc (0/2) D:11         Bailey (visited)
 Vaults: D:13-14

Altars:
Ashenzari
Cheibriados
Dithmenos
Elyvilon
Fedhas
Gozag
Hepliaklqana
Kikubaaqudgha
Makhleb
Nemelex Xobeh
Okawaru
Qazlal
Ru
Sif Muna
Trog
Uskayaw
Vehumet
Wu Jian
Xom
Yredelemnul
Zin
The Shining One

Shops:
D:6 (

Portals:
Trove: D:13 (give horn of Geryon)

Annotations:
D:5 3 runed translucent doors, KamiKatze's ghost, novice KoFi


Innate Abilities, Weirdness & Mutations

You reflexively headbutt those who attack you in melee.
You have a pair of horns on your head.


Message History

A salamander comes into view.
The purple ugly thing gurgles horribly!
The salamander barely misses you. You furiously retaliate!
You headbutt the salamander.
A shadow comes into view.
You block the shadow's attack. You block the salamander's attack.
Found a fizzy cyan potion.
Found a stone staircase leading up.
A wraith, a tengu warrior and a tengu conjurer come into view.
The tengu warrior shouts!
The tengu conjurer shouts!
A wizard comes into view. It is wielding a +0 dagger.
The wizard shouts!
The tengu conjurer hits you.
* * * LOW HITPOINT WARNING * * *
The tengu conjurer pecks you but does no damage.
The tengu conjurer claws you but does no damage.
A yaktaur comes into view.
The tengu warrior hits you with a +0 great mace!
You die...

# ..#. #. .. ...
######.. .#..#
.#.#.#.#.# ....# #
##.#.#.#.#.# ....# .#
..#.#.#.#.#.## #.#.#..#
##.#.#.#.#.#c###......##
..#.#.#.#.#.#...QQ.p...#
.#.#.#.#.#N#!.##@W..##.
..#.#.#.#c#.#.....<.....
.#.#.#.#.#.#..##..#..#..
.B#c#.#W#.#.#...... .#
#.#.#u#.#.#..##.... #
#.#B#.#.#.#.##..... .#
#(#.#.#.#..##......
...#Z####.##...........
#.......... ...


You could see a tengu warrior, a yaktaur, a wizard, a wraith and a tengu
conjurer.

Vanquished Creatures
  2 centaur warriors
  A tengu warrior (D:13)
  3 two-headed ogres
  Urug (D:12)
  An unseen horror (D:12)
  An ugly thing (D:11)
  A manticore (D:13)
  2 deep elf magi
  A cyclops (D:11)
  A torpor snail (D:12)
  Maggie (D:6)
  An efreet (D:13)
  A kobold demonologist (D:13)
  A komodo dragon (D:11)
  4 trolls
  6 slime creatures (D:12)
  Sigmund (D:6)
  5 yaks
  2 shadows
  A wraith (D:12)
  3 wyverns
  Menkaure (D:6)
  A warg (D:11)
  Duvessa (D:7)
  A water moccasin (D:11)
  6 orc warriors
  6 ice beasts
  A hornet zombie (D:11)
  4 sky beasts
  2 black bears
  3 phantoms
  5 ogres
  5 centaurs
  4 big kobolds
  A wyvern zombie (D:6)
  8 bullfrogs
  Dowan (D:7)
  A wyvern skeleton (D:10)
  4 scorpions
  21 killer bees
  23 wights
  A howler monkey (D:7)
  2 bullfrog zombies
  7 hounds
  4 jellies
  4 centaur skeletons
  2 bullfrog skeletons
  7 orc priests
  10 orc wizards
  Jessica (D:2)
  Ijyb (D:3)
  13 worker ants
  A mummy (D:7)
  A howler monkey zombie (D:8)
  3 gnolls (D:2)
  A howler monkey skeleton (D:6)
  13 adders
  A shadow imp (D:8)
  2 white imps
  2 oozes
  2 adder skeletons
  3 worms (D:6)
  6 leopard geckos
  47 orcs
  2 ball pythons
  10 bats
  5 giant cockroaches
  12 goblins
  14 hobgoblins
  17 jackals
  5 quokkas
  3 frilled lizards
  A giant cockroach zombie (D:5)
  2 goblin zombies (D:7)
  24 kobolds
  A leopard gecko zombie (D:5)
  10 rats
379 creatures vanquished.

Vanquished Creatures (others)
  2 fungi (D:10)
  2 plants (D:5)
  4 toadstools (D:1)
8 creatures vanquished.

Grand Total: 387 creatures vanquished

Notes
Turn   | Place    | Note
-------+----------+-------------------------------------------
     0 | D:1      | nedwor777 the Minotaur Gladiator began the quest for the
                  | Orb.
     0 | D:1      | Reached XP level 1. HP: 18/18 MP: 0/0
   203 | D:1      | Reached skill level 4 in Maces & Flails
   206 | D:1      | Reached XP level 2. HP: 23/25 MP: 1/1
   594 | D:1      | Reached XP level 3. HP: 24/31 MP: 2/2
  1021 | D:2      | Reached skill level 5 in Maces & Flails
  1039 | D:2      | Reached skill level 1 in Shields
  1039 | D:2      | Reached XP level 4. HP: 25/38 MP: 3/3
  1259 | D:2      | Found a broken altar of Ashenzari.
  1379 | D:2      | Noticed Jessica
  1393 | D:2      | Killed Jessica
  1763 | D:2      | Found a hazy altar of Hepliaklqana.
  1849 | D:2      | Found a shimmering altar of Xom.
  1963 | D:3      | Found a white marble altar of Elyvilon.
  2023 | D:3      | Reached XP level 5. HP: 46/46 MP: 4/4
  2134 | D:3      | Noticed Ijyb
  2160 | D:3      | Killed Ijyb
  2161 | D:3      | Reached skill level 6 in Maces & Flails
  2736 | D:3      | Found an iron altar of Okawaru.
  3107 | D:4      | Reached XP level 6. HP: 47/53 MP: 5/5
  3266 | D:4      | Found a snail-covered altar of Cheibriados.
  3494 | D:4      | Reached skill level 7 in Maces & Flails
  3601 | D:4      | Reached skill level 5 in Fighting
  3633 | D:4      | Reached XP level 7. HP: 25/56 MP: 6/6
  4157 | D:4      | Found a shadowy altar of Dithmenos.
  4470 | D:5      | Entered Level 5 of the Dungeon
  4492 | D:5      | Found a runed translucent gate.
  4492 | D:5      | Found a runed translucent gate.
  4492 | D:5      | Found a runed translucent gate.
  4492 | D:5      | Noticed KamiKatze's ghost (novice KoFi)
  4673 | D:5      | Reached skill level 8 in Maces & Flails
  4796 | D:5      | Found a staircase to the Ecumenical Temple.
  4848 | Temple   | Entered the Ecumenical Temple
  4864 | Temple   | Became a worshipper of the Shining One
  5113 | D:5      | Reached skill level 9 in Maces & Flails
  5113 | D:5      | Reached skill level 5 in Shields
  5113 | D:5      | Reached XP level 8. HP: 70/70 MP: 7/7
  5844 | D:6      | Noticed a two-headed ogre
  6142 | D:6      | The Shining One protects you from harm!
  6143 | D:6      | Killed a two-headed ogre
  6144 | D:6      | Reached skill level 10 in Maces & Flails
  6144 | D:6      | Reached XP level 9. HP: 21/79 MP: 8/8
  6432 | D:6      | Found an opulent altar of Gozag.
  6461 | D:6      | Noticed Maggie
  6476 | D:6      | Killed Maggie
  6477 | D:6      | Reached skill level 11 in Maces & Flails
  6749 | D:6      | Noticed Menkaure
  6764 | D:6      | The Shining One protects you from harm!
  6766 | D:6      | Killed Menkaure
  7155 | D:6      | Noticed Sigmund
  7161 | D:6      | Killed Sigmund
  7221 | D:6      | Noticed a moth of wrath
  7224 | D:6      | Found a bloodstained altar of Trog.
  7358 | D:6      | Found Cengah's Weapon Shoppe.
  7376 | D:6      | Reached * piety under the Shining One
  7903 | D:7      | Found an ancient bone altar of Kikubaaqudgha.
  7996 | D:7      | Found a flagged portal.
  8009 | D:7      | Noticed Duvessa
  8015 | D:7      | Noticed Dowan
  8032 | D:7      | Killed Duvessa
  8033 | D:7      | Killed Dowan
  8080 | Bailey   | Entered a bailey
  8083 | Bailey   | Noticed an orc knight
  8199 | D:7      | Reached skill level 12 in Maces & Flails
  8476 | D:7      | Found an ornate altar of the Wu Jian Council.
  8576 | D:7      | Found a sand-covered staircase.
  9011 | D:8      | Found a hide-covered altar of Uskayaw.
  9012 | D:8      | Noticed a +0 dagger
  9013 | D:8      | Noticed a +0 hand axe
  9066 | D:8      | Found a bloodstained altar of Trog.
  9118 | D:8      | Reached ** piety under the Shining One
  9119 | D:8      | Noticed a two-headed ogre
  9125 | D:8      | Killed a two-headed ogre
  9126 | D:8      | Reached XP level 10. HP: 46/91 MP: 9/9
  9386 | D:8      | Noticed a centaur warrior
  9395 | D:8      | Killed a centaur warrior
  9396 | D:8      | Reached skill level 13 in Maces & Flails
  9658 | D:8      | Found a radiant altar of Vehumet.
  9915 | D:8      | Noticed a two-headed ogre
  9923 | D:8      | Killed a two-headed ogre
  9924 | D:8      | Reached skill level 10 in Fighting
 10354 | D:9      | Reached skill level 14 in Maces & Flails
 10354 | D:9      | Reached skill level 1 in Invocations
 10473 | D:9      | Found a stormy altar of Qazlal.
 10499 | D:9      | Found a stormy altar of Qazlal.
 10561 | D:9      | Reached *** piety under the Shining One
 10903 | D:10     | Entered Level 10 of the Dungeon
 10957 | D:10     | Reached XP level 11. HP: 101/101 MP: 11/11
 10981 | D:10     | Noticed a deep elf mage
 10987 | D:10     | Killed a deep elf mage
 11151 | D:10     | Reached skill level 10 in Shields
 11895 | D:10     | Found a staircase to the Lair.
 12654 | D:11     | Noticed a red ugly thing
 12663 | D:11     | Killed a red ugly thing
 12746 | D:11     | Reached **** piety under the Shining One
 12876 | D:11     | Found a broken altar of Ashenzari.
 12929 | D:11     | Found a staircase to the Orcish Mines.
 12971 | D:11     | Reached skill level 15 in Maces & Flails
 14659 | D:12     | Noticed Urug
 14674 | D:12     | Killed Urug
 15138 | D:12     | Reached XP level 12. HP: 110/110 MP: 14/14
 15561 | D:13     | Reached skill level 5 in Invocations
 16077 | D:13     | Found a portal to a secret trove of treasure.
 16107 | D:13     | Noticed a centaur warrior
 16114 | D:13     | Killed a centaur warrior
 16115 | D:13     | Reached skill level 16 in Maces & Flails
 16999 | D:13     | Noticed a tengu warrior
 16999 | D:13     | Noticed a tengu warrior
 17074 | D:13     | Killed a tengu warrior
 17209 | D:13     | HP: 5/113 [tengu warrior/+0 great sword (10)]
 17209 | D:13     | HP: 1/113 [tengu warrior/+0 great sword (4)]
 17213 | D:13     | Noticed a boulder beetle
 17223 | D:13     | You fall into a shaft and drop 2 floors!
 17223 | D:15     | Entered Level 15 of the Dungeon
 17223 | D:15     | Reached ***** piety under the Shining One
 17225 | D:15     | Noticed a centaur warrior
 17226 | D:15     | HP: 2/113 [centaur warrior/arrow (5)]
 17235 | D:15     | Noticed a tengu warrior
 17237 | D:15     | HP: 4/113 [tengu conjurer[a tengu warrior] (1)]
 17238 | D:15     | Slain by a tengu warrior

Illustrated notes

Levels and vault maps discovered:
D:1:      ldierk_water_garden, layout_basic
D:2:      layout_rooms, old_standard_altar, lemuel_crystal_altar,
          marbit_many_paths, minmay_fountain_box, uniq_jessica
D:3:      layout_basic, old_standard_altar, overflow_temple_1_default, uniq_ijyb
D:4:      layout_loops_corners, general_overflow_altar,
          grunt_dithmenos_smoke_and_mirrors
D:5:      black_bear_nest_1, layout_cave_pods, minmay_temple_entry_arrows,
          serial_bayou, serial_bayou_shore_b, serial_bayou_crossing,
          serial_bayou_shore_a, serial_bayou_pond_a, gammafunk_ghost_necromancy
D:6:      layout_basic, grunt_gozag_statues, tgw_trog, serial_shops, shop,
          uniq_maggie, uniq_menkaure, uniq_sigmund
D:7:      layout_loops_ring, nicolae_overflow_crystal_walls,
          nzn_wu_jian_council_hall, enter_bailey_4, nicolae_ossuary_entry_giza,
          uniq_duvessa
D:8:      layout_cave_pods, dancing_weapons_uskayaw, vehumet_altar_wand_db,
          trog_hazing_becter
D:9:      layout_long_grid, nicolae_qazlal_general_emergency,
          kennysheep_small_circle
D:10:     layout_big_octagon, grunt_lair_entry_orc_guard_hut
D:11:     layout_long_grid, erik_orc_4, basic_altar
D:12:     layout_loops_corners, uniq_urug
D:13:     layout_irregular_city, nicolae_trove_entry_crystal
D:15:     grunt_enter_depths_hoard, layout_basic, minivault_23, tgw_fedhas
Temple:   jpeg_temple_island

Skill      XL: |  1  2  3  4  5  6  7  8  9 10 11 12 |
---------------+-------------------------------------+-----
Maces & Flails | 4 5 6 7 9 10 12 14 15 16 | 16.0
Fighting       | 3 4 5 6 7 9 10 11 12 | 12.3
Shields        | 1 2 3 5 6 8 9 11 | 11.9
Invocations    | 1 4 6 |  6.2
Throwing       | |  2.0
Dodging        | |  3.2

Action                   |  1- 3 |  4- 6 |  7- 9 | 10-12 || total
-------------------------+-------+-------+-------+-------++-------
Melee: Flail             |    67 |   113 |       |       ||   180
       Headbutt          |     7 |    30 |    59 |   153 ||   249
       Whip              |       |    96 |    13 |       ||   109
       Mace              |       |       |   280 |   630 ||   910
Invok: Divine Shield     |       |       |       |     1 ||     1
Evoke: Wand              |       |       |       |     4 ||     4
  Use: Scroll            |       |    12 |     9 |     9 ||    30
       Potion            |       |     3 |     4 |     7 ||    14
Armor: Leather armour    |     1 |       |       |       ||     1
       Ring mail         |    25 |    13 |       |       ||    38
       Plate armour      |       |   104 |   122 |   218 ||   444
Dodge: Dodged            |    50 |    52 |    68 |   122 ||   292
Block: Kite shield       |    12 |    90 |   142 |   370 ||   614
